 Dungeon Sprint DCSS version 0.31-a0-18-gea43df2a32 (webtiles) character file.

Game seed: 13819962879725043572

14242 sircluck the Wrestler (level 11, -6/120 HPs)
             Began as a Troll Berserker on May 9, 2023.
             Was the Champion of Trog.
             Mangled by an ice devil (17 damage)
             ... summoned by an orc high priest
             ... in the Dungeon (Sprint IX: "|||||||||||||||||||||||||||||").
             The game lasted 00:05:31 (1239 turns).

sircluck the Wrestler (Troll Berserker)             Turns: 1239, Time: 00:05:32

Health: -6/120     AC:  4    Str: 34    XL:     11   Next: 86%
Magic:  10/10      EV: 13    Int:  6    God:    Trog [******]
Gold:   1273       SH:  0    Dex:  9    Spells: 10/10 levels left

rFire   . .          .
                       - Unarmed
rCold   . . .        (no shield)
rNeg    . . .        a - +0 animal skin
rPois   .            (helmet restricted)
rElec   .            (no cloak)
rCorr   .            (gloves unavailable)
SInv    .            (boots unavailable)
Will    ++...        (no amulet)
Stlth   ++           j - +3 ring of intelligence
HPRegen 2.20/turn    k - +3 ring of strength
MPRegen 0.12/turn

%: no teleportation
@: strong-willed, on berserk cooldown, regenerating, slowed, very slow
A: large, unfitting armour, claws 3, regeneration 1, shaggy fur 1, tough skin 1
a: Renounce Religion, Berserk, Trog's Hand, Brothers in Arms


You were in the Dungeon.
You worshipped Trog.
Trog was exalted by your worship.
You visited 1 branch You collected 1273 gold pieces.

Inventory:

Armour
 a - a +0 animal skin (worn)
Jewellery
 j - a +3 ring of intelligence (left claw)
 k - a +3 ring of strength (right claw)
Wands
 i - a wand of roots (8)
 l - a wand of paralysis (6)
Scrolls
 n - 3 scrolls of enchant armour
 o - a scroll of identify
 p - a scroll of fear
 q - 2 scrolls of enchant weapon
Potions
 d - 2 potions of haste
 e - 4 potions of magic
 f - a potion of berserk rage
 h - a potion of invisibility
 m - a potion of resistance


   Skills:
 + Level 11.5 Fighting
 + Level 12.6 Dodging
 + Level 2.6 Stealth
 + Level 22.3 Unarmed Combat
 + Level 1.4 Evocations


You had 10 spell levels left.
You didn't know any spells.
Your spell library was empty.

Dungeon Overview and Level Annotations

Branches:
Dungeon (1/1)

Altars:
Cheibriados
Dithmenos
Elyvilon
Fedhas
Gozag
Hepliaklqana
Kikubaaqudgha
Makhleb
Nemelex Xobeh
Okawaru
Qazlal
Ru
Sif Muna
Trog
Uskayaw
Vehumet
Wu Jian
Xom
Yredelemnul
Zin
The Shining One
Jiyva
Lugonu

Shops:
D (==?


Innate Abilities, Weirdness & Mutations

You are too large for most types of armour.
You have claws for hands.
Your natural rate of healing is unusually fast.
You are covered in fur. (AC +1)
You have tough skin. (AC +1)


Message History

a +2 antimagic executioner's axe; 50 gold pieces The ice devil hits your cyclops!
The ice devil freezes your cyclops!!
Your cyclops hits the ice devil but does no damage.
Items here: $ )) [ †.
You feel better. The ice devil hits your cyclops!
The ice devil freezes your cyclops!!
Your cyclops closely misses the ice devil.
The ice devil hits your cyclops but does no damage.
Your skin crawls.
You feel strong-willed.
Your cyclops closely misses the ice devil.
The ice devil hits your cyclops! The ice devil freezes your cyclops!!
Your cyclops dies!
Your cyclops's corpse disappears in a puff of smoke!
Items here: $ ))) [ ††.
Things that are here:
a +0 trident; 50 gold pieces
There is an open door to Orc:2 here.
You see here a +3 antimagic quarterstaff.
There's nothing to close nearby.
You close the door, pushing everything out of the way.
You see here a +3 antimagic quarterstaff.
An ice devil breaks down the door.
The ice devil attacks as you move away! The ice devil hits you.
The ice devil freezes you!
* * * LOW HITPOINT WARNING * * *
The red devil disappears in a puff of smoke!
The orc priest begins to cast a cantrip, but forgets the words!
Unknown command.
You closely miss the ice devil. The ice devil hits you!
* * * LOW HITPOINT WARNING * * *
The ice devil freezes you!
* * * LOW HITPOINT WARNING * * *
You're still recovering from your berserk rage.
Your skin crawls.
You feel strong-willed. The ice devil hits you!
* * * LOW HITPOINT WARNING * * *
The ice devil freezes you!
You die...

.)'..[[[.)?.)____________________
▓▓▓▓▓▓▓▓▓▓▓▓▓▓▓▓▓▓▓▓▓▓▓▓▓▓▓▓▓▓▓▓▓
..............................)..
▓▓▓▓▓▓▓▓▓▓▓▓▓▓▓▓▓▓▓▓▓▓▓▓▓▓▓▓▓▓▓▓▓
[:|)......†)').......††)........†
▓▓▓▓▓▓▓▓▓▓▓▓▓▓▓▓▓▓▓▓▓▓▓▓▓▓▓▓▓▓▓▓▓
................))............)..
▓▓▓▓▓▓▓▓▓▓▓▓▓▓▓▓▓▓▓▓▓▓▓▓▓▓▓▓▓▓▓▓▓
oo.∩.∩.∩))o))o)4@......)))').))))
▓▓▓▓▓▓▓▓▓▓▓▓▓▓▓▓▓▓▓▓▓▓▓▓▓▓▓▓▓▓▓▓▓


You could see an ice devil (summoned) and 2 orc priests.

Vanquished Creatures
  An ettin (D)
  A centaur warrior (D)
  5 orc high priests (D)
  3 orc knights (D)
  An ugly thing (D)
  2 orc sorcerers (D)
  An elephant (D)
  4 cane toads (D)
  Psyche (D)
  A komodo dragon (D)
  An efreet (D)
  4 polar bears (D)
  5 yaks (D)
  A vampire (D)
  A basilisk (D)
  3 water moccasins (D)
  10 orc warriors (D)
  4 black bears (D)
  A centaur (D)
  4 bullfrogs (D)
  A howler monkey (D)
  6 orc priests (D)
  A hound (D)
  A sleepcap (D)
  3 orc wizards (D)
  2 adders (D)
  An ufetubus (D)
  A dart slug (D)
  4 orcs (D)
  An endoplasm (D)
  A giant cockroach (D)
  A quokka (D)
  A ball python (D)
78 creatures vanquished.

Vanquished Creatures (collateral kills)
  An orc high priest (D)
  A deep elf pyromancer (D)
  2 trolls (D)
4 creatures vanquished.

Grand Total: 82 creatures vanquished

Notes
Turn   | Place    | Note
-------+----------+-------------------------------------------
     0 | D        | sircluck the Troll Berserker began the quest for the Orb.
     0 | D        | Reached XP level 1. HP: 22/22 MP: 0/0
    11 | D        | Reached ** piety under Trog
    21 | D        | Noticed a hound
    21 | D        | Noticed a sleepcap
    24 | D        | Reached skill level 4 in Unarmed Combat
    24 | D        | Reached XP level 2. HP: 24/31 MP: 1/1
    31 | D        | Reached *** piety under Trog
    32 | D        | Reached skill level 5 in Unarmed Combat
    32 | D        | Reached XP level 3. HP: 27/39 MP: 2/2
    44 | D        | Reached XP level 4. HP: 41/49 MP: 3/3
    49 | D        | Reached skill level 6 in Unarmed Combat
    67 | D        | Found a snail-covered altar of Cheibriados.
    67 | D        | Found a shadowy altar of Dithmenos.
    67 | D        | Found a white marble altar of Elyvilon.
    67 | D        | Found a blossoming altar of Fedhas.
    67 | D        | Found an opulent altar of Gozag.
    68 | D        | Found a hazy altar of Hepliaklqana.
    69 | D        | Found a viscous altar of Jiyva.
    70 | D        | Found an ancient bone altar of Kikubaaqudgha.
    71 | D        | Found a corrupted altar of Lugonu.
    72 | D        | Found a burning altar of Makhleb.
    73 | D        | Found a sparkling altar of Nemelex Xobeh.
    74 | D        | Found an iron altar of Okawaru.
    75 | D        | Found a stormy altar of Qazlal.
    76 | D        | Found a sacrificial altar of Ru.
    77 | D        | Found a shimmering blue altar of Sif Muna.
    78 | D        | Found a bloodstained altar of Trog.
    79 | D        | Found a hide-covered altar of Uskayaw.
    80 | D        | Found a radiant altar of Vehumet.
    81 | D        | Found an ornate altar of the Wu Jian Council.
    82 | D        | Found a shimmering altar of Xom.
    83 | D        | Found a basalt altar of Yredelemnul.
    84 | D        | Found a glowing silver altar of Zin.
    85 | D        | Found a glowing golden altar of the Shining One.
   113 | D        | Noticed a yak
   113 | D        | Noticed an orc warrior
   113 | D        | Noticed a vampire
   113 | D        | Noticed a centaur
   117 | D        | Killed a centaur
   117 | D        | Reached **** piety under Trog
   118 | D        | Reached skill level 5 in Fighting
   118 | D        | Reached skill level 5 in Dodging
   118 | D        | Reached skill level 7 in Unarmed Combat
   118 | D        | Reached XP level 5. HP: 57/57 MP: 4/4
   127 | D        | Killed a vampire
   128 | D        | Reached skill level 9 in Unarmed Combat
   128 | D        | Reached XP level 6. HP: 67/67 MP: 5/5
   154 | D        | Killed an orc warrior
   155 | D        | Reached skill level 10 in Unarmed Combat
   161 | D        | Killed a yak
   161 | D        | Reached ***** piety under Trog
   162 | D        | Reached skill level 11 in Unarmed Combat
   162 | D        | Reached XP level 7. HP: 30/78 MP: 6/6
   209 | D        | Noticed a centaur warrior
   209 | D        | Noticed an efreet
   209 | D        | Noticed a brown ugly thing
   209 | D        | Noticed a troll
   209 | D        | Noticed a deep elf pyromancer
   209 | D        | Noticed a troll
   214 | D        | Killed a troll
   215 | D        | Reached skill level 12 in Unarmed Combat
   216 | D        | Killed a deep elf pyromancer
   217 | D        | Reached skill level 13 in Unarmed Combat
   217 | D        | Reached XP level 8. HP: 89/89 MP: 7/7
   218 | D        | Killed a troll
   222 | D        | Killed a brown ugly thing
   223 | D        | Reached skill level 14 in Unarmed Combat
   224 | D        | Killed an efreet
   225 | D        | Reached XP level 9. HP: 98/98 MP: 8/8
   240 | D        | Killed a centaur warrior
   241 | D        | Reached skill level 15 in Unarmed Combat
   348 | D        | Noticed Psyche
   354 | D        | Paralysed by something for 5 turns
   362 | D        | Killed Psyche
   422 | D        | Noticed a cane toad
   422 | D        | Noticed a cane toad
   422 | D        | Noticed a cane toad
   433 | D        | Killed a cane toad
   433 | D        | Received a gift from Trog
   434 | D        | Reached skill level 10 in Dodging
   434 | D        | Reached skill level 16 in Unarmed Combat
   442 | D        | Killed a cane toad
   443 | D        | Reached ****** piety under Trog
   452 | D        | Reached skill level 10 in Fighting
   452 | D        | Reached XP level 10. HP: 61/110 MP: 9/9
   454 | D        | Killed a cane toad
   455 | D        | Reached skill level 17 in Unarmed Combat
   519 | D        | Noticed an elephant
   519 | D        | Noticed a cane toad
   520 | D        | Received a gift from Trog
   529 | D        | Killed a cane toad
   533 | D        | Killed an elephant
   534 | D        | Reached skill level 18 in Unarmed Combat
   565 | D        | Received a gift from Trog
   582 | D        | Reached skill level 19 in Unarmed Combat
   582 | D        | Received a gift from Trog
   738 | D        | Received a gift from Trog
   839 | D        | Noticed an orc knight
   839 | D        | Noticed an ettin
   842 | D        | Noticed an orc knight
   845 | D        | Reached XP level 11. HP: 102/119 MP: 10/10
   849 | D        | Killed an ettin
   850 | D        | Reached skill level 1 in Stealth
   850 | D        | Noticed an orc sorcerer
   851 | D        | Noticed an orc knight
   928 | D        | Killed an orc knight
   928 | D        | Received a gift from Trog
   929 | D        | Reached skill level 20 in Unarmed Combat
  1054 | D        | Killed an orc knight
  1060 | D        | Killed an orc sorcerer
  1075 | D        | Killed an orc knight
  1076 | D        | Reached skill level 1 in Evocations
  1149 | D        | Noticed an orc sorcerer
  1153 | D        | Killed an orc sorcerer
  1154 | D        | Reached skill level 21 in Unarmed Combat
  1180 | D        | Found Tuanar's Magic Scroll Boutique.
  1180 | D        | Noticed an orc high priest
  1180 | D        | Noticed an orc high priest
  1180 | D        | Noticed an orc high priest
  1180 | D        | Noticed an orc high priest
  1181 | D        | Noticed an orc high priest
  1185 | D        | Killed an orc high priest
  1185 | D        | Received a gift from Trog
  1186 | D        | Found Lydunaut's Jewellery Shop.
  1189 | D        | Killed an orc high priest
  1204 | D        | Killed an orc high priest
  1206 | D        | Noticed an orc high priest
  1208 | D        | Noticed a sixfirhy
  1211 | D        | Killed an orc high priest
  1213 | D        | Killed an orc high priest
  1214 | D        | Reached skill level 22 in Unarmed Combat
  1214 | D        | Found Kuss's Jewellery Boutique.
  1217 | D        | Found Xepezum's Weapon Shop.
  1219 | D        | Noticed an orc high priest
  1220 | D        | HP: 4/120 [orc high priest/+0 halberd (12)]
  1226 | D        | Killed an orc high priest
  1226 | D        | Received a gift from Trog
  1239 | D        | Mangled by an ice devil

Illustrated notes

Levels and vault maps discovered:
D:        linesprint [early_d, line_temple, items_1, d_10, items_2, lair_1,
          lair_end, items_3, orc_1, orc_end, items_4, d_15, swamp_1, shoals_1,
          snake_1, spider_1, d_20, vaults_1, items_5, swamp_end, shoals_end,
          snake_end, spider_end, vaults_end, d_27, items_6, zot_1, zot_end,
          crypt_end, forest_end, elf_end, slime_end, tomb_end, abyss_end,
          pan_hell_end]

Skill      XL: |  1  2  3  4  5  6  7  8  9 10 11 |
---------------+----------------------------------+-----
Fighting       | 3 4 5 6 7 8 9 10 11 | 11.5
Dodging        | 3 4 5 6 7 8 9 10 11 12 | 12.6
Unarmed Combat | 4 5 7 9 11 13 14 16 19 22 | 22.3
Stealth        | 2 |  2.6
Evocations     | 1 |  1.4

Action                     |  1- 3 |  4- 6 |  7- 9 | 10-12 || total
---------------------------+-------+-------+-------+-------++-------
  Melee: Unarmed           |    33 |    34 |    46 |   133 ||   246
         Punch             |     1 |     1 |     3 |    15 ||    20
 Invoke: Berserk           |       |     1 |     2 |     1 ||     4
         Brothers in Arms  |       |       |     1 |     1 ||     2
         Trog's Hand       |       |       |       |     2 ||     2
  Evoke: Wand              |       |     1 |       |     2 ||     3
    Use: Potion            |       |     2 |     5 |     5 ||    12
         Scroll            |       |     1 |       |     2 ||     3
   Stab: Distracted        |       |       |       |     1 ||     1
         Paralysed         |       |       |       |     1 ||     1
 Armour: Animal skin       |     9 |     8 |    18 |    11 ||    46
  Dodge: Dodged            |    11 |    15 |    34 |    33 ||    93

Table legend: (Time is in decaauts)
 A = Elapsed time spent in this place.
 B = Non-inter-level travel time spent in this place.
 C = Inter-level travel time spent in this place.
 D = Time resting spent in this place.
 E = Time spent auto-exploring this place.
 F = Levels seen in this place.
 G = Mean time per level.
                   A        B        C        D        E       F      G
               +--------+--------+--------+--------+--------+-----+--------+
         Total |   1209 |   1204 |      5 |     61 |    594 |   1 | 1209.0 |
       Dungeon |   1209 |   1204 |      5 |     61 |    594 |   1 | 1209.0 |
               +--------+--------+--------+--------+--------+-----+--------+

Top non-repeatable levels by time:
       D: 1209 daAuts
